[ AOE2 MATCH · #458493047 ]
UnrankedByzantines vs Mongols
[ REPLAY ANALYSIS · EXTRACTED FROM THE RECORDED GAME ]
Feudal
11:13
Castle
17:41
Imperial
22:11
| APM avg | 49.2 |
| APM peak | 93 |
| eAPM avg | 33.2 |
| Villagers / military | 121 / 111 |
Focus
⚔️ 31.1% · 🌾 68.9%
Fire Galley ×60 · Spearman ×35 · Fishing Ship ×35 · Unknown (2626) ×35 · Demolition Raft ×10 · Transport Ship ×3
Feudal
10:51
Castle
18:18
Imperial
34:09
| APM avg | 47.4 |
| APM peak | 94 |
| eAPM avg | 19.7 |
| Villagers / military | 125 / 23 |
Focus
⚔️ 28.8% · 🌾 71.2%
Galley ×19 · Unknown (1795) ×16 · Fishing Ship ×10 · Transport Ship ×4
Feudal
9:52
Castle
22:30
Imperial
—
| APM avg | 75.9 |
| APM peak | 122 |
| eAPM avg | 34.3 |
| Villagers / military | 115 / 140 |
Focus
⚔️ 48.1% · 🌾 51.9%
Galley ×111 · Fishing Ship ×35 · Fire Galley ×28 · Transport Ship ×1
Feudal
9:46
Castle
23:41
Imperial
—
| APM avg | 28.4 |
| APM peak | 60 |
| eAPM avg | 14.0 |
| Villagers / military | 113 / 32 |
Focus
⚔️ 28.3% · 🌾 71.7%
Unknown (2626) ×30 · Galley ×28 · Caravel ×4 · Fishing Ship ×4
Feudal
9:35
Castle
21:41
Imperial
33:20
| APM avg | 45.8 |
| APM peak | 69 |
| eAPM avg | 28.3 |
| Villagers / military | 177 / 78 |
Focus
⚔️ 40.8% · 🌾 59.2%
Konnik ×45 · Unknown (2626) ×25 · Fire Galley ×24 · Trebuchet (Packed) ×5 · Fishing Ship ×4 · Monk ×3
Feudal
11:52
Castle
15:19
Imperial
26:40
| APM avg | 44.1 |
| APM peak | 69 |
| eAPM avg | 28.0 |
| Villagers / military | 147 / 34 |
Focus
⚔️ 38.0% · 🌾 62.0%
Unknown (2626) ×72 · Conquistador ×20 · Fire Galley ×13 · Fishing Ship ×11 · Transport Ship ×1
Feudal
12:01
Castle
16:15
Imperial
33:30
| APM avg | 44.1 |
| APM peak | 76 |
| eAPM avg | 32.0 |
| Villagers / military | 161 / 108 |
Focus
⚔️ 37.2% · 🌾 62.8%
Fire Galley ×61 · Camel Scout ×26 · Fishing Ship ×18 · Unknown (2626) ×16 · Shrivamsha Rider ×14 · Galley ×4
Feudal
10:51
Castle
14:12
Imperial
31:11
| APM avg | 27.1 |
| APM peak | 72 |
| eAPM avg | 19.3 |
| Villagers / military | 171 / 118 |
Focus
⚔️ 30.3% · 🌾 69.7%
Knight ×79 · Fire Galley ×35 · Fishing Ship ×4 · Trebuchet (Packed) ×3 · Transport Ship ×1
Match map
Initial resources + every placement click. Lines = walls · curves = elevation contours. ◆ gold · ⬟ stone · ● berries · ✦ relic · ◌ wall gap
Your base· ✓ Map-separated
VIPN@U's base· ✓ Map-separated
RAY's base· ✓ Map-separated
Elite Diddy's base· ✓ Map-separated
_LY_lyx's base· ✓ Map-separated
White Knight's base· ✓ Map-separated
.'s base· ✓ Map-separated
FloDuFive's base· ✓ Map-separated
Smoothed initial terrain · ◌ = detected wall gap · hover for details
Inputs per minute
— 胖丁 - - VIPN@U
Build order — 胖丁
First 150 of 461 actions detected
| 0:01 | Create | Villager (Male) |
| 0:01 | Create | Villager (Male) |
| 0:03 | Build | House |
| 0:05 | Build | House |
| 0:09 | Create | Villager (Male) |
| 0:09 | Create | Villager (Male) |
| 0:09 | Create | Villager (Male) |
| 1:12 | Create | Villager (Male) |
| 1:12 | Create | Villager (Male) |
| 1:56 | Build | Lumber Camp |
| 2:04 | Create | Villager (Male) |
| 2:04 | Create | Villager (Male) |
| 2:20 | Create | Villager (Male) |
| 2:35 | Create | Villager (Male) |
| 3:10 | Create | Villager (Male) |
| 3:10 | Create | Villager (Male) |
| 3:11 | Create | Villager (Male) |
| 3:57 | Create | Villager (Male) |
| 3:57 | Create | Villager (Male) |
| 4:04 | Build | House |
| 4:27 | Build | Dock |
| 4:32 | Create | Villager (Male) |
| 4:33 | Create | Villager (Male) |
| 4:50 | Create | Villager (Male) |
| 4:50 | Create | Villager (Male) |
| 5:18 | Create | Fishing Ship |
| 5:21 | Create | Villager (Male) |
| 5:21 | Create | Villager (Male) |
| 5:21 | Create | Villager (Male) |
| 5:50 | Build | House |
| 5:56 | Create | Fishing Ship |
| 5:58 | Create | Villager (Male) |
| 6:09 | Create | Villager (Male) |
| 6:16 | Create | Villager (Male) |
| 6:47 | Create | Fishing Ship |
| 6:49 | Create | Villager (Male) |
| 7:10 | Build | House |
| 7:30 | Build | Dock |
| 7:37 | Create | Villager (Male) |
| 7:42 | Create | Fishing Ship |
| 7:42 | Create | Fishing Ship |
| 8:06 | Create | Fishing Ship |
| 8:10 | Create | Fishing Ship |
| 8:22 | Create | Villager (Male) |
| 8:39 | Build | Lumber Camp |
| 8:48 | Build | House |
| 9:03 | Research | Feudal Age |
| 9:03 | Research | Feudal Age |
| 9:06 | Create | Fishing Ship |
| 9:17 | Build | House |
| 9:18 | Build | House |
| 9:39 | Create | Fishing Ship |
| 9:59 | Create | Fishing Ship |
| 10:15 | Build | Mining Camp |
| 10:33 | Build | Dock |
| 10:41 | Create | Fishing Ship |
| 10:41 | Create | Fishing Ship |
| 10:56 | Build | House |
| 10:57 | Build | House |
| 11:13 | Age | Feudal Age |
| 11:14 | Create | Villager (Male) |
| 11:14 | Create | Villager (Male) |
| 11:15 | Research | Tech 906 |
| 11:15 | Research | Tech 906 |
| 11:16 | Create | Fishing Ship |
| 11:16 | Create | Fishing Ship |
| 11:29 | Research | Double-Bit Axe |
| 11:42 | Create | Fishing Ship |
| 12:00 | Create | Villager (Male) |
| 12:02 | Create | Fishing Ship |
| 12:02 | Create | Fishing Ship |
| 12:10 | Build | House |
| 12:12 | Build | House |
| 12:19 | Build | Blacksmith |
| 12:21 | Create | Villager (Male) |
| 12:26 | Build | House |
| 12:32 | Create | Villager (Male) |
| 12:39 | Create | Fishing Ship |
| 12:40 | Create | Fishing Ship |
| 13:03 | Build | Mill |
| 13:04 | Create | Villager (Male) |
| 13:05 | Create | Fishing Ship |
| 13:09 | Build | House |
| 13:30 | Create | Fishing Ship |
| 13:35 | Create | Villager (Male) |
| 13:45 | Build | Market |
| 13:48 | Build | House |
| 13:49 | Create | Fishing Ship |
| 13:57 | Create | Villager (Male) |
| 14:02 | Build | Lumber Camp |
| 14:21 | Create | Fishing Ship |
| 14:22 | Create | Fishing Ship |
| 14:36 | Create | Villager (Male) |
| 14:45 | Build | Lumber Camp |
| 14:55 | Create | Fishing Ship |
| 14:55 | Create | Fishing Ship |
| 14:56 | Research | Castle Age |
| 14:57 | Research | Castle Age |
| 14:57 | Research | Castle Age |
| 15:06 | Research | Horse Collar |
| 15:06 | Research | Horse Collar |
| 15:09 | Research | Gold Mining |
| 15:10 | Research | Gold Mining |
| 15:16 | Build | Dock |
| 15:31 | Create | Fishing Ship |
| 15:55 | Create | Fishing Ship |
| 15:56 | Create | Fishing Ship |
| 16:19 | Build | Dock |
| 16:22 | Create | Fishing Ship |
| 16:22 | Create | Fishing Ship |
| 16:37 | Build | Dock |
| 16:55 | Build | House |
| 16:56 | Build | House |
| 17:29 | Create | Fishing Ship |
| 17:30 | Create | Fishing Ship |
| 17:30 | Create | Fishing Ship |
| 17:41 | Age | Castle Age |
| 17:45 | Build | University |
| 17:46 | Create | Villager (Male) |
| 17:46 | Create | Villager (Male) |
| 17:50 | Build | Monastery |
| 18:02 | Research | Gillnets |
| 18:07 | Build | Dock |
| 18:11 | Create | Fishing Ship |
| 18:25 | Create | Villager (Male) |
| 18:28 | Build | House |
| 18:45 | Research | Imperial Age |
| 18:45 | Research | Imperial Age |
| 18:56 | Research | Tech 905 |
| 18:56 | Research | Tech 905 |
| 19:04 | Create | Villager (Male) |
| 19:04 | Create | Villager (Male) |
| 19:14 | Build | House |
| 19:14 | Build | House |
| 19:16 | Create | Trade Cog |
| 19:22 | Research | Tech 908 |
| 19:22 | Research | Tech 908 |
| 19:28 | Create | Fire Galley |
| 19:28 | Create | Fire Galley |
| 19:29 | Create | Fire Galley |
| 19:29 | Create | Fire Galley |
| 19:32 | Create | Villager (Male) |
| 19:32 | Create | Villager (Male) |
| 19:51 | Build | Dock |
| 19:59 | Create | Fire Galley |
| 20:01 | Research | Gold Shaft Mining |
| 20:01 | Research | Gold Shaft Mining |
| 20:10 | Build | Mining Camp |
| 20:19 | Create | Fire Galley |
| 20:38 | Research | War Galley (upgrade) |
Build order — VIPN@U
First 150 of 262 actions detected
| 0:01 | Create | Villager (Male) |
| 0:03 | Build | House |
| 0:04 | Build | House |
| 0:10 | Create | Villager (Male) |
| 0:10 | Create | Villager (Male) |
| 0:13 | Create | Villager (Male) |
| 1:20 | Create | Villager (Male) |
| 1:20 | Create | Villager (Male) |
| 1:28 | Build | Lumber Camp |
| 2:02 | Create | Villager (Male) |
| 2:03 | Create | Villager (Male) |
| 2:11 | Create | Villager (Male) |
| 2:11 | Create | Villager (Male) |
| 2:55 | Create | Villager (Male) |
| 2:56 | Create | Villager (Male) |
| 3:00 | Build | House |
| 3:23 | Create | Villager (Male) |
| 3:48 | Build | Dock |
| 3:54 | Create | Villager (Male) |
| 3:55 | Create | Villager (Male) |
| 4:29 | Create | Villager (Male) |
| 4:33 | Create | Fishing Ship |
| 4:52 | Create | Villager (Male) |
| 4:53 | Create | Villager (Male) |
| 5:16 | Create | Villager (Male) |
| 5:17 | Create | Villager (Male) |
| 5:22 | Build | House |
| 5:26 | Create | Fishing Ship |
| 5:40 | Create | Villager (Male) |
| 5:40 | Create | Villager (Male) |
| 5:41 | Create | Villager (Male) |
| 6:02 | Create | Fishing Ship |
| 6:05 | Create | Villager (Male) |
| 6:05 | Create | Villager (Male) |
| 6:05 | Create | Villager (Male) |
| 6:13 | Build | House |
| 6:35 | Create | Villager (Male) |
| 6:35 | Create | Villager (Male) |
| 6:35 | Create | Villager (Male) |
| 6:55 | Create | Villager (Male) |
| 6:55 | Create | Villager (Male) |
| 6:56 | Create | Villager (Male) |
| 7:05 | Create | Fishing Ship |
| 7:30 | Build | House |
| 7:33 | Create | Fishing Ship |
| 7:59 | Build | Mining Camp |
| 8:12 | Research | Loom |
| 8:16 | Create | Villager (Male) |
| 8:31 | Create | Fishing Ship |
| 8:36 | Research | Feudal Age |
| 9:38 | Build | Dock |
| 10:15 | Build | House |
| 10:45 | Create | Villager (Male) |
| 10:51 | Age | Feudal Age |
| 10:54 | Create | Galley |
| 10:56 | Create | Galley |
| 10:59 | Create | Villager (Male) |
| 11:09 | Build | House |
| 11:19 | Build | Blacksmith |
| 11:34 | Create | Galley |
| 11:37 | Create | Villager (Male) |
| 12:07 | Create | Galley |
| 12:15 | Create | Villager (Male) |
| 12:53 | Build | Mill |
| 12:56 | Create | Transport Ship |
| 13:08 | Create | Villager (Male) |
| 13:26 | Create | Galley |
| 13:27 | Create | Galley |
| 14:12 | Create | Galley |
| 14:12 | Create | Galley |
| 14:26 | Build | Farm |
| 14:27 | Build | Farm |
| 14:59 | Create | Villager (Male) |
| 15:00 | Build | Market |
| 15:38 | Research | Castle Age |
| 15:38 | Research | Castle Age |
| 15:39 | Research | Castle Age |
| 15:43 | Create | Galley |
| 15:43 | Create | Galley |
| 16:09 | Research | Fletching |
| 16:39 | Create | Villager (Male) |
| 16:42 | Build | House |
| 17:10 | Build | Dock |
| 17:48 | Build | Dock |
| 18:18 | Age | Castle Age |
| 18:24 | Create | Villager (Male) |
| 18:30 | Research | War Galley (upgrade) |
| 18:34 | Research | Bodkin Arrow |
| 18:48 | Create | Fishing Ship |
| 18:59 | Create | Villager (Male) |
| 19:07 | Create | Galley |
| 19:07 | Create | Galley |
| 19:11 | Build | Dock |
| 19:19 | Create | Villager (Male) |
| 19:20 | Build | Farm |
| 19:22 | Research | Double-Bit Axe |
| 19:33 | Create | Fishing Ship |
| 19:45 | Create | Galley |
| 19:49 | Build | Farm |
| 19:53 | Research | Horse Collar |
| 20:07 | Create | Villager (Male) |
| 20:09 | Build | Farm |
| 20:11 | Build | Farm |
| 20:23 | Create | Villager (Male) |
| 20:45 | Create | Villager (Male) |
| 20:47 | Build | Lumber Camp |
| 20:49 | Create | Fishing Ship |
| 21:01 | Create | Fishing Ship |
| 21:06 | Build | Farm |
| 21:15 | Create | Villager (Male) |
| 21:23 | Build | House |
| 21:36 | Research | Bow Saw |
| 21:47 | Create | Villager (Male) |
| 21:54 | Create | Transport Ship |
| 22:03 | Create | Villager (Male) |
| 22:06 | Create | Galley |
| 22:26 | Create | Villager (Male) |
| 22:28 | Build | Farm |
| 22:30 | Build | House |
| 22:39 | Create | Galley |
| 22:40 | Create | Galley |
| 22:46 | Create | Villager (Male) |
| 22:48 | Build | Farm |
| 22:50 | Research | Heavy Plow |
| 22:50 | Research | Heavy Plow |
| 23:13 | Create | Villager (Male) |
| 23:22 | Build | House |
| 23:42 | Create | Villager (Male) |
| 23:46 | Build | Farm |
| 23:55 | Create | Galley |
| 23:55 | Create | Galley |
| 23:59 | Build | Farm |
| 24:00 | Create | Villager (Male) |
| 24:01 | Research | Wheelbarrow |
| 24:32 | Create | Galley |
| 24:40 | Create | Villager (Male) |
| 24:57 | Create | Villager (Male) |
| 25:29 | Build | Town Center |
| 25:39 | Create | Villager (Male) |
| 25:40 | Research | Town Watch |
| 26:07 | Create | Villager (Male) |
| 26:22 | Create | Transport Ship |
| 26:33 | Create | Villager (Male) |
| 26:43 | Build | Town Center |
| 26:48 | Build | House |
| 26:57 | Research | Gold Mining |
| 26:57 | Research | Gold Mining |
| 27:00 | Create | Villager (Male) |
| 27:54 | Create | Villager (Male) |
| 27:59 | Create | Villager (Male) |
Build order — RAY
First 150 of 406 actions detected
| 0:00 | Create | Villager (Male) |
| 0:00 | Create | Villager (Male) |
| 0:01 | Create | Villager (Male) |
| 0:02 | Build | House |
| 0:03 | Build | House |
| 0:33 | Create | Villager (Male) |
| 0:34 | Create | Villager (Male) |
| 1:04 | Create | Villager (Male) |
| 1:46 | Create | Villager (Male) |
| 1:56 | Build | Lumber Camp |
| 2:01 | Create | Villager (Male) |
| 2:28 | Create | Villager (Male) |
| 3:17 | Create | Villager (Male) |
| 3:32 | Build | House |
| 3:38 | Create | Villager (Male) |
| 3:57 | Build | Dock |
| 4:05 | Create | Villager (Male) |
| 4:05 | Create | Villager (Male) |
| 4:31 | Create | Villager (Male) |
| 4:38 | Create | Fishing Ship |
| 4:58 | Create | Villager (Male) |
| 5:05 | Build | House |
| 5:10 | Create | Villager (Male) |
| 5:11 | Create | Fishing Ship |
| 5:39 | Create | Fishing Ship |
| 6:09 | Build | House |
| 6:11 | Create | Villager (Male) |
| 6:28 | Create | Fishing Ship |
| 6:31 | Create | Villager (Male) |
| 7:08 | Create | Villager (Male) |
| 7:17 | Build | Mining Camp |
| 7:30 | Create | Fishing Ship |
| 7:34 | Create | Villager (Male) |
| 7:42 | Research | Feudal Age |
| 7:47 | Build | Lumber Camp |
| 8:22 | Build | Dock |
| 8:38 | Build | Mining Camp |
| 8:42 | Build | Mining Camp |
| 8:47 | Create | Villager (Male) |
| 8:53 | Build | House |
| 9:18 | Build | Dock |
| 9:26 | Create | Villager (Male) |
| 9:52 | Age | Feudal Age |
| 9:53 | Create | Galley |
| 9:53 | Create | Galley |
| 9:58 | Create | Galley |
| 10:17 | Create | Galley |
| 10:21 | Create | Villager (Male) |
| 10:31 | Create | Galley |
| 10:31 | Create | Galley |
| 10:40 | Research | Double-Bit Axe |
| 10:41 | Research | Double-Bit Axe |
| 10:52 | Create | Galley |
| 10:59 | Build | House |
| 11:01 | Create | Villager (Male) |
| 11:01 | Create | Villager (Male) |
| 11:14 | Build | House |
| 11:21 | Create | Galley |
| 11:21 | Create | Galley |
| 11:31 | Create | Galley |
| 11:32 | Create | Galley |
| 11:52 | Create | Galley |
| 12:05 | Create | Villager (Male) |
| 12:13 | Create | Galley |
| 12:14 | Create | Galley |
| 12:14 | Create | Galley |
| 12:25 | Build | House |
| 12:27 | Create | Villager (Male) |
| 12:41 | Create | Galley |
| 12:54 | Create | Galley |
| 12:54 | Create | Galley |
| 12:56 | Create | Villager (Male) |
| 12:56 | Create | Villager (Male) |
| 13:07 | Create | Galley |
| 13:08 | Create | Galley |
| 13:30 | Build | Blacksmith |
| 13:41 | Create | Galley |
| 13:54 | Create | Villager (Male) |
| 14:10 | Create | Galley |
| 14:10 | Create | Galley |
| 14:11 | Create | Galley |
| 14:19 | Build | House |
| 14:24 | Create | Villager (Male) |
| 14:43 | Create | Galley |
| 14:43 | Create | Galley |
| 14:48 | Create | Villager (Male) |
| 14:51 | Build | House |
| 15:00 | Build | House |
| 15:01 | Build | Lumber Camp |
| 15:13 | Create | Galley |
| 15:14 | Create | Galley |
| 15:23 | Create | Villager (Male) |
| 15:32 | Create | Galley |
| 15:33 | Create | Galley |
| 15:36 | Create | Fishing Ship |
| 15:53 | Build | Mill |
| 16:03 | Create | Villager (Male) |
| 16:26 | Create | Fishing Ship |
| 16:26 | Create | Fishing Ship |
| 16:26 | Create | Fishing Ship |
| 16:48 | Build | Market |
| 17:13 | Research | Fletching |
| 17:16 | Create | Fishing Ship |
| 17:17 | Create | Fishing Ship |
| 17:17 | Create | Fishing Ship |
| 17:18 | Create | Fishing Ship |
| 17:19 | Create | Fishing Ship |
| 17:20 | Build | House |
| 17:21 | Build | House |
| 17:22 | Build | House |
| 17:29 | Create | Galley |
| 17:29 | Create | Galley |
| 17:30 | Create | Galley |
| 17:30 | Create | Galley |
| 17:36 | Build | House |
| 17:45 | Create | Villager (Male) |
| 17:48 | Build | House |
| 17:49 | Build | House |
| 18:04 | Create | Galley |
| 18:04 | Create | Galley |
| 18:21 | Create | Villager (Male) |
| 18:23 | Create | Fishing Ship |
| 18:24 | Create | Fishing Ship |
| 18:31 | Build | Lumber Camp |
| 18:35 | Build | Lumber Camp |
| 18:43 | Build | House |
| 18:54 | Create | Galley |
| 18:54 | Create | Galley |
| 19:11 | Create | Fishing Ship |
| 19:12 | Create | Fishing Ship |
| 19:12 | Create | Fishing Ship |
| 19:12 | Create | Fishing Ship |
| 19:25 | Create | Galley |
| 19:50 | Research | Castle Age |
| 19:54 | Create | Galley |
| 19:55 | Create | Galley |
| 19:55 | Create | Galley |
| 19:55 | Create | Galley |
| 20:03 | Build | Lumber Camp |
| 20:06 | Create | Galley |
| 20:06 | Create | Galley |
| 20:36 | Create | Transport Ship |
| 20:45 | Create | Galley |
| 20:46 | Create | Galley |
| 20:46 | Create | Galley |
| 20:46 | Create | Galley |
| 20:56 | Build | Dock |
| 21:18 | Build | House |
| 21:35 | Create | Galley |
| 21:35 | Create | Galley |
Build order — Elite Diddy
First 150 of 277 actions detected
| 0:00 | Create | Villager (Male) |
| 0:01 | Create | Villager (Male) |
| 0:03 | Build | House |
| 0:04 | Build | House |
| 0:29 | Create | Villager (Male) |
| 0:30 | Create | Villager (Male) |
| 1:12 | Create | Villager (Male) |
| 1:38 | Create | Villager (Male) |
| 1:38 | Create | Villager (Male) |
| 1:50 | Build | Lumber Camp |
| 2:01 | Create | Villager (Male) |
| 2:26 | Create | Villager (Male) |
| 2:26 | Create | Villager (Male) |
| 3:03 | Create | Villager (Male) |
| 3:03 | Create | Villager (Male) |
| 3:37 | Build | House |
| 3:42 | Create | Villager (Male) |
| 3:43 | Create | Villager (Male) |
| 4:05 | Build | Dock |
| 4:07 | Create | Villager (Male) |
| 4:26 | Create | Villager (Male) |
| 4:47 | Create | Villager (Male) |
| 5:01 | Create | Fishing Ship |
| 5:01 | Create | Fishing Ship |
| 5:28 | Build | House |
| 5:29 | Create | Villager (Male) |
| 5:29 | Create | Villager (Male) |
| 5:30 | Create | Villager (Male) |
| 5:42 | Create | Fishing Ship |
| 6:15 | Create | Villager (Male) |
| 6:20 | Create | Fishing Ship |
| 6:49 | Create | Villager (Male) |
| 7:36 | Research | Feudal Age |
| 7:36 | Research | Feudal Age |
| 8:03 | Build | Dock |
| 8:15 | Build | House |
| 8:39 | Build | Mining Camp |
| 9:09 | Build | House |
| 9:28 | Create | Villager (Male) |
| 9:46 | Age | Feudal Age |
| 9:47 | Create | Galley |
| 9:47 | Create | Galley |
| 9:53 | Create | Villager (Male) |
| 10:00 | Research | Double-Bit Axe |
| 10:19 | Create | Galley |
| 10:19 | Create | Galley |
| 10:32 | Create | Galley |
| 10:33 | Create | Villager (Male) |
| 11:03 | Create | Villager (Male) |
| 11:21 | Create | Villager (Male) |
| 11:24 | Build | Dock |
| 11:26 | Build | House |
| 11:41 | Create | Galley |
| 11:41 | Create | Galley |
| 11:41 | Create | Galley |
| 11:47 | Create | Villager (Male) |
| 12:20 | Build | Blacksmith |
| 12:24 | Create | Galley |
| 12:45 | Create | Unit 2626 |
| 12:45 | Create | Unit 2626 |
| 13:03 | Create | Unit 2626 |
| 13:03 | Create | Unit 2626 |
| 13:39 | Create | Galley |
| 13:41 | Research | Fletching |
| 13:44 | Build | Mill |
| 13:45 | Create | Villager (Male) |
| 14:04 | Research | Forging |
| 14:04 | Create | Villager (Male) |
| 14:41 | Create | Unit 2626 |
| 14:42 | Create | Unit 2626 |
| 14:43 | Create | Galley |
| 14:43 | Create | Galley |
| 14:43 | Create | Galley |
| 14:47 | Build | House |
| 15:45 | Create | Galley |
| 15:46 | Create | Galley |
| 15:46 | Create | Galley |
| 15:46 | Create | Villager (Male) |
| 15:46 | Create | Villager (Male) |
| 16:04 | Create | Villager (Male) |
| 16:12 | Build | House |
| 16:16 | Build | Farm |
| 16:16 | Build | Farm |
| 16:19 | Build | Farm |
| 16:37 | Create | Galley |
| 16:37 | Create | Galley |
| 16:38 | Create | Villager (Male) |
| 17:13 | Create | Villager (Male) |
| 17:35 | Create | Unit 2626 |
| 17:36 | Create | Unit 2626 |
| 17:36 | Create | Unit 2626 |
| 17:36 | Create | Unit 2626 |
| 17:36 | Create | Unit 2626 |
| 18:16 | Build | House |
| 18:19 | Build | Farm |
| 18:19 | Build | Farm |
| 18:20 | Build | Farm |
| 18:20 | Build | Farm |
| 18:21 | Build | House |
| 18:33 | Create | Villager (Male) |
| 18:53 | Create | Villager (Male) |
| 18:58 | Build | Farm |
| 19:19 | Create | Villager (Male) |
| 19:19 | Create | Villager (Male) |
| 19:24 | Create | Galley |
| 19:24 | Create | Galley |
| 19:24 | Create | Galley |
| 19:32 | Build | Market |
| 19:54 | Create | Villager (Male) |
| 20:25 | Build | Farm |
| 21:01 | Research | Castle Age |
| 21:46 | Create | Galley |
| 21:47 | Create | Galley |
| 21:47 | Create | Galley |
| 23:16 | Create | Villager (Male) |
| 23:20 | Create | Galley |
| 23:20 | Create | Galley |
| 23:20 | Create | Galley |
| 23:21 | Create | Galley |
| 23:41 | Age | Castle Age |
| 23:48 | Research | War Galley (upgrade) |
| 23:49 | Research | Bodkin Arrow |
| 23:53 | Create | Villager (Male) |
| 24:08 | Build | Lumber Camp |
| 25:07 | Create | Unit 2626 |
| 25:07 | Create | Unit 2626 |
| 25:08 | Create | Unit 2626 |
| 25:08 | Create | Unit 2626 |
| 25:14 | Create | Villager (Male) |
| 25:15 | Create | Villager (Male) |
| 25:25 | Build | House |
| 25:25 | Build | House |
| 25:54 | Create | Unit 2626 |
| 25:54 | Create | Unit 2626 |
| 25:55 | Create | Unit 2626 |
| 25:55 | Create | Unit 2626 |
| 25:56 | Create | Villager (Male) |
| 26:08 | Create | Villager (Male) |
| 26:22 | Create | Villager (Male) |
| 26:38 | Create | Unit 2626 |
| 26:38 | Create | Unit 2626 |
| 26:38 | Create | Unit 2626 |
| 27:21 | Create | Unit 2626 |
| 27:21 | Create | Unit 2626 |
| 27:21 | Create | Unit 2626 |
| 27:21 | Create | Unit 2626 |
| 27:22 | Create | Unit 2626 |
| 27:43 | Create | Villager (Male) |
| 27:44 | Create | Villager (Male) |
| 27:45 | Create | Villager (Male) |
Build order — _LY_lyx
First 150 of 461 actions detected
| 0:01 | Create | Villager (Male) |
| 0:01 | Create | Villager (Male) |
| 0:02 | Build | House |
| 0:03 | Build | House |
| 0:11 | Create | Villager (Male) |
| 0:11 | Create | Villager (Male) |
| 1:27 | Create | Villager (Male) |
| 1:28 | Build | Lumber Camp |
| 1:55 | Create | Villager (Male) |
| 1:55 | Create | Villager (Male) |
| 2:23 | Create | Villager (Male) |
| 2:48 | Create | Villager (Male) |
| 3:19 | Create | Villager (Male) |
| 3:20 | Create | Villager (Male) |
| 3:44 | Create | Villager (Male) |
| 3:45 | Create | Villager (Male) |
| 3:45 | Create | Villager (Male) |
| 3:49 | Build | House |
| 3:51 | Build | Dock |
| 4:11 | Create | Villager (Male) |
| 4:11 | Create | Villager (Male) |
| 4:11 | Create | Villager (Male) |
| 4:33 | Create | Villager (Male) |
| 4:33 | Create | Villager (Male) |
| 4:33 | Create | Villager (Male) |
| 4:46 | Build | House |
| 4:53 | Create | Fishing Ship |
| 4:57 | Create | Villager (Male) |
| 5:21 | Create | Villager (Male) |
| 5:21 | Create | Villager (Male) |
| 5:39 | Create | Fishing Ship |
| 5:52 | Create | Villager (Male) |
| 5:59 | Create | Villager (Male) |
| 6:19 | Create | Fishing Ship |
| 6:56 | Create | Fishing Ship |
| 7:25 | Research | Feudal Age |
| 7:41 | Build | Lumber Camp |
| 8:20 | Build | Mining Camp |
| 8:24 | Build | House |
| 8:41 | Build | Dock |
| 9:01 | Create | Villager (Male) |
| 9:22 | Build | Dock |
| 9:28 | Create | Villager (Male) |
| 9:35 | Age | Feudal Age |
| 9:36 | Create | Unit 2626 |
| 9:36 | Create | Unit 2626 |
| 9:39 | Create | Unit 2626 |
| 9:39 | Create | Unit 2626 |
| 9:39 | Create | Unit 2626 |
| 10:00 | Create | Fire Galley |
| 10:11 | Build | House |
| 10:14 | Research | Double-Bit Axe |
| 10:15 | Create | Villager (Male) |
| 10:26 | Create | Unit 2626 |
| 10:26 | Create | Unit 2626 |
| 10:33 | Create | Villager (Male) |
| 10:33 | Create | Villager (Male) |
| 10:34 | Create | Villager (Male) |
| 10:40 | Build | House |
| 10:52 | Create | Fire Galley |
| 11:02 | Create | Villager (Male) |
| 11:12 | Create | Fire Galley |
| 11:14 | Build | House |
| 11:27 | Create | Villager (Male) |
| 11:34 | Create | Fire Galley |
| 11:35 | Create | Fire Galley |
| 11:43 | Create | Villager (Male) |
| 11:45 | Build | House |
| 11:47 | Create | Fire Galley |
| 11:47 | Create | Fire Galley |
| 11:48 | Create | Fire Galley |
| 12:14 | Create | Fire Galley |
| 12:14 | Create | Fire Galley |
| 12:19 | Create | Villager (Male) |
| 12:28 | Create | Fire Galley |
| 12:28 | Create | Fire Galley |
| 12:28 | Create | Fire Galley |
| 12:33 | Create | Villager (Male) |
| 12:38 | Research | Tech 906 |
| 12:39 | Research | Tech 906 |
| 12:41 | Create | Fire Galley |
| 13:02 | Build | Mill |
| 13:05 | Create | Fire Galley |
| 13:05 | Create | Fire Galley |
| 13:19 | Create | Villager (Male) |
| 13:21 | Create | Villager (Male) |
| 13:22 | Create | Villager (Male) |
| 13:23 | Create | Fire Galley |
| 13:46 | Create | Unit 2626 |
| 13:46 | Create | Unit 2626 |
| 13:47 | Create | Unit 2626 |
| 13:47 | Create | Unit 2626 |
| 13:56 | Create | Villager (Male) |
| 14:07 | Create | Villager (Male) |
| 14:08 | Create | Unit 2626 |
| 14:09 | Create | Unit 2626 |
| 14:11 | Create | Unit 2626 |
| 14:20 | Create | Villager (Male) |
| 14:42 | Create | Unit 2626 |
| 14:43 | Create | Fire Galley |
| 14:44 | Create | Villager (Male) |
| 14:44 | Create | Villager (Male) |
| 14:50 | Build | House |
| 14:51 | Build | House |
| 15:01 | Create | Unit 2626 |
| 15:01 | Create | Unit 2626 |
| 15:01 | Create | Unit 2626 |
| 15:18 | Create | Villager (Male) |
| 15:28 | Create | Unit 2626 |
| 15:34 | Create | Fire Galley |
| 15:55 | Create | Villager (Male) |
| 15:58 | Build | Market |
| 16:27 | Create | Villager (Male) |
| 16:49 | Create | Unit 2626 |
| 16:52 | Create | Villager (Male) |
| 16:55 | Build | Blacksmith |
| 17:13 | Create | Villager (Male) |
| 17:29 | Create | Villager (Male) |
| 17:42 | Research | Forging |
| 17:49 | Create | Villager (Male) |
| 17:54 | Create | Fire Galley |
| 17:55 | Create | Fire Galley |
| 17:55 | Create | Unit 2626 |
| 18:00 | Build | Farm |
| 18:00 | Build | Farm |
| 18:01 | Build | Farm |
| 18:03 | Build | Farm |
| 18:13 | Build | Farm |
| 18:49 | Build | Farm |
| 19:01 | Research | Castle Age |
| 19:11 | Build | House |
| 19:19 | Create | Unit 2626 |
| 19:20 | Create | Unit 2626 |
| 19:20 | Create | Unit 2626 |
| 19:57 | Build | Dock |
| 20:03 | Create | Fire Galley |
| 20:03 | Create | Fire Galley |
| 20:03 | Create | Fire Galley |
| 20:12 | Create | Unit 2626 |
| 20:16 | Build | Lumber Camp |
| 20:48 | Create | Transport Ship |
| 20:57 | Research | Wheelbarrow |
| 20:58 | Research | Loom |
| 20:59 | Research | Gold Mining |
| 21:00 | Research | Horse Collar |
| 21:01 | Research | Horse Collar |
| 21:41 | Age | Castle Age |
| 21:49 | Research | Bow Saw |
| 22:52 | Build | Town Center |
| 22:55 | Research | Heavy Plow |
Build order — White Knight
First 150 of 394 actions detected
| 0:01 | Create | Villager (Male) |
| 0:02 | Build | House |
| 0:03 | Build | House |
| 0:09 | Create | Villager (Male) |
| 0:09 | Create | Villager (Male) |
| 0:10 | Create | Villager (Male) |
| 0:10 | Create | Villager (Male) |
| 1:17 | Create | Villager (Male) |
| 1:18 | Create | Villager (Male) |
| 1:22 | Build | Lumber Camp |
| 2:04 | Create | Villager (Male) |
| 2:04 | Create | Villager (Male) |
| 2:31 | Create | Villager (Male) |
| 2:31 | Create | Villager (Male) |
| 2:32 | Create | Villager (Male) |
| 2:32 | Create | Villager (Male) |
| 3:21 | Build | Dock |
| 3:23 | Create | Villager (Male) |
| 3:23 | Create | Villager (Male) |
| 3:46 | Build | House |
| 3:48 | Create | Villager (Male) |
| 3:49 | Create | Villager (Male) |
| 4:13 | Create | Villager (Male) |
| 4:14 | Create | Villager (Male) |
| 4:16 | Create | Fishing Ship |
| 4:16 | Create | Fishing Ship |
| 4:34 | Create | Villager (Male) |
| 4:35 | Create | Villager (Male) |
| 5:01 | Create | Villager (Male) |
| 5:01 | Create | Villager (Male) |
| 5:03 | Create | Fishing Ship |
| 5:03 | Create | Fishing Ship |
| 5:14 | Build | House |
| 5:17 | Create | Villager (Male) |
| 5:47 | Create | Villager (Male) |
| 5:54 | Create | Fishing Ship |
| 6:10 | Create | Villager (Male) |
| 6:17 | Build | House |
| 6:34 | Create | Fishing Ship |
| 6:36 | Create | Villager (Male) |
| 7:04 | Build | Lumber Camp |
| 7:11 | Create | Villager (Male) |
| 7:32 | Create | Villager (Male) |
| 7:54 | Create | Villager (Male) |
| 7:59 | Create | Fishing Ship |
| 7:59 | Create | Fishing Ship |
| 8:13 | Build | House |
| 8:23 | Create | Villager (Male) |
| 8:32 | Build | Dock |
| 8:52 | Create | Villager (Male) |
| 9:14 | Create | Villager (Male) |
| 9:16 | Build | Mining Camp |
| 9:23 | Research | Feudal Age |
| 9:34 | Build | Mill |
| 10:32 | Create | Transport Ship |
| 10:43 | Research | Loom |
| 10:46 | Create | Villager (Male) |
| 10:46 | Research | Loom |
| 11:00 | Build | Mining Camp |
| 11:52 | Age | Feudal Age |
| 11:53 | Build | Blacksmith |
| 12:03 | Build | Market |
| 12:19 | Create | Villager (Male) |
| 12:29 | Create | Villager (Male) |
| 12:39 | Research | Castle Age |
| 12:39 | Research | Castle Age |
| 13:00 | Research | Double-Bit Axe |
| 13:20 | Research | Tech 906 |
| 13:20 | Research | Tech 906 |
| 13:23 | Create | Fishing Ship |
| 13:32 | Build | House |
| 13:43 | Create | Villager (Male) |
| 13:43 | Create | Villager (Male) |
| 14:07 | Build | Outpost |
| 15:16 | Create | Villager (Male) |
| 15:17 | Create | Villager (Male) |
| 15:19 | Age | Castle Age |
| 15:24 | Build | Castle |
| 15:37 | Create | Villager (Male) |
| 15:37 | Create | Villager (Male) |
| 15:46 | Create | Unit 2626 |
| 15:46 | Create | Unit 2626 |
| 15:52 | Research | Bow Saw |
| 15:53 | Research | Bow Saw |
| 16:21 | Build | Mill |
| 16:43 | Create | Villager (Male) |
| 17:12 | Create | Conquistador |
| 17:12 | Create | Conquistador |
| 17:13 | Create | Conquistador |
| 17:25 | Build | Mining Camp |
| 17:26 | Create | Villager (Male) |
| 17:26 | Create | Villager (Male) |
| 17:27 | Create | Villager (Male) |
| 17:43 | Create | Villager (Male) |
| 17:48 | Create | Conquistador |
| 17:48 | Create | Conquistador |
| 17:53 | Build | Farm |
| 17:55 | Build | Farm |
| 17:59 | Build | Farm |
| 18:01 | Create | Fishing Ship |
| 18:02 | Create | Fishing Ship |
| 18:10 | Create | Conquistador |
| 18:10 | Create | Villager (Male) |
| 18:25 | Build | Farm |
| 18:40 | Create | Villager (Male) |
| 18:43 | Create | Conquistador |
| 18:43 | Create | Conquistador |
| 18:46 | Create | Villager (Male) |
| 18:50 | Build | Farm |
| 19:01 | Create | Villager (Male) |
| 19:13 | Create | Villager (Male) |
| 19:21 | Create | Villager (Male) |
| 19:26 | Create | Conquistador |
| 19:36 | Build | Farm |
| 19:40 | Build | Farm |
| 19:41 | Research | Horse Collar |
| 19:41 | Research | Horse Collar |
| 19:57 | Create | Villager (Male) |
| 20:01 | Research | War Galley (upgrade) |
| 20:01 | Research | War Galley (upgrade) |
| 20:09 | Create | Unit 2626 |
| 20:09 | Create | Unit 2626 |
| 20:19 | Create | Villager (Male) |
| 20:23 | Create | Conquistador |
| 20:34 | Create | Conquistador |
| 20:47 | Create | Unit 2626 |
| 20:47 | Create | Unit 2626 |
| 20:51 | Build | House |
| 20:52 | Build | House |
| 21:08 | Create | Villager (Male) |
| 21:12 | Create | Villager (Male) |
| 21:15 | Create | Unit 2626 |
| 21:20 | Create | Villager (Male) |
| 21:23 | Create | Unit 2626 |
| 21:24 | Create | Unit 2626 |
| 21:51 | Create | Villager (Male) |
| 22:12 | Create | Villager (Male) |
| 22:19 | Build | Town Center |
| 22:34 | Create | Villager (Male) |
| 23:30 | Research | Imperial Age |
| 23:30 | Research | Imperial Age |
| 23:35 | Create | Unit 2626 |
| 23:36 | Create | Unit 2626 |
| 23:36 | Create | Unit 2626 |
| 23:40 | Create | Villager (Male) |
| 23:48 | Create | Villager (Male) |
| 23:50 | Build | House |
| 23:50 | Build | House |
| 23:58 | Build | Farm |
| 23:58 | Build | Farm |
Build order — .
First 150 of 524 actions detected
| 0:01 | Create | Villager (Male) |
| 0:02 | Build | House |
| 0:03 | Build | House |
| 0:15 | Create | Villager (Male) |
| 0:19 | Create | Villager (Male) |
| 0:22 | Create | Villager (Male) |
| 0:55 | Build | Lumber Camp |
| 1:39 | Create | Villager (Male) |
| 1:39 | Create | Villager (Male) |
| 1:56 | Create | Villager (Male) |
| 1:57 | Create | Villager (Male) |
| 2:22 | Create | Villager (Male) |
| 2:22 | Create | Villager (Male) |
| 2:46 | Create | Villager (Male) |
| 2:46 | Create | Villager (Male) |
| 3:03 | Build | House |
| 3:19 | Create | Villager (Male) |
| 3:19 | Create | Villager (Male) |
| 3:21 | Build | Dock |
| 3:54 | Create | Villager (Male) |
| 3:55 | Create | Villager (Male) |
| 4:04 | Create | Fishing Ship |
| 4:21 | Create | Villager (Male) |
| 4:21 | Create | Villager (Male) |
| 4:38 | Create | Fishing Ship |
| 4:44 | Create | Villager (Male) |
| 4:44 | Create | Villager (Male) |
| 4:51 | Build | House |
| 5:13 | Create | Villager (Male) |
| 5:16 | Create | Fishing Ship |
| 5:16 | Create | Fishing Ship |
| 5:37 | Create | Villager (Male) |
| 5:37 | Create | Villager (Male) |
| 5:44 | Build | Lumber Camp |
| 6:00 | Create | Villager (Male) |
| 6:00 | Create | Villager (Male) |
| 6:10 | Create | Fishing Ship |
| 6:10 | Create | Fishing Ship |
| 6:10 | Create | Fishing Ship |
| 6:26 | Build | House |
| 6:29 | Create | Villager (Male) |
| 6:29 | Create | Villager (Male) |
| 6:49 | Create | Villager (Male) |
| 6:49 | Create | Villager (Male) |
| 6:50 | Create | Fishing Ship |
| 6:51 | Create | Fishing Ship |
| 7:05 | Build | House |
| 7:10 | Create | Villager (Male) |
| 7:10 | Create | Villager (Male) |
| 7:18 | Create | Fishing Ship |
| 7:37 | Create | Villager (Male) |
| 7:46 | Build | Dock |
| 7:55 | Create | Villager (Male) |
| 8:02 | Create | Fishing Ship |
| 8:11 | Create | Villager (Male) |
| 8:35 | Build | House |
| 8:36 | Create | Fishing Ship |
| 8:42 | Create | Fishing Ship |
| 8:44 | Create | Villager (Male) |
| 8:55 | Research | Loom |
| 9:14 | Create | Fishing Ship |
| 9:16 | Create | Fishing Ship |
| 9:26 | Create | Villager (Male) |
| 9:36 | Build | Lumber Camp |
| 9:47 | Research | Feudal Age |
| 9:48 | Research | Feudal Age |
| 10:14 | Create | Fishing Ship |
| 10:15 | Create | Fishing Ship |
| 10:24 | Build | House |
| 10:34 | Build | Mill |
| 10:39 | Create | Villager (Male) |
| 10:57 | Create | Transport Ship |
| 11:07 | Build | Mining Camp |
| 11:15 | Create | Villager (Male) |
| 11:32 | Create | Fishing Ship |
| 12:01 | Age | Feudal Age |
| 12:05 | Create | Villager (Male) |
| 12:07 | Create | Galley |
| 12:08 | Create | Galley |
| 12:29 | Build | Market |
| 12:30 | Create | Villager (Male) |
| 12:31 | Build | House |
| 12:50 | Build | Blacksmith |
| 12:58 | Create | Galley |
| 12:59 | Create | Galley |
| 13:06 | Build | House |
| 13:26 | Build | Lumber Camp |
| 13:34 | Research | Double-Bit Axe |
| 13:35 | Research | Castle Age |
| 13:35 | Research | Castle Age |
| 13:35 | Research | Castle Age |
| 14:01 | Create | Fire Galley |
| 14:02 | Create | Fire Galley |
| 14:09 | Build | Dock |
| 14:24 | Create | Fire Galley |
| 14:29 | Create | Fire Galley |
| 14:48 | Create | Villager (Male) |
| 15:26 | Build | House |
| 15:30 | Create | Fire Galley |
| 15:36 | Create | Villager (Male) |
| 15:40 | Research | Gold Mining |
| 15:51 | Create | Fire Galley |
| 16:14 | Create | Fire Galley |
| 16:15 | Age | Castle Age |
| 16:22 | Research | War Galley (upgrade) |
| 16:22 | Research | War Galley (upgrade) |
| 16:24 | Research | Bow Saw |
| 16:24 | Research | Bow Saw |
| 16:28 | Build | Dock |
| 16:36 | Create | Fire Galley |
| 16:40 | Create | Villager (Male) |
| 16:56 | Create | Fire Galley |
| 17:13 | Build | Town Center |
| 17:23 | Create | Villager (Male) |
| 17:26 | Create | Unit 2626 |
| 17:46 | Create | Fire Galley |
| 17:46 | Create | Fire Galley |
| 17:58 | Create | Villager (Male) |
| 18:01 | Build | House |
| 18:04 | Create | Unit 2626 |
| 18:19 | Create | Unit 2626 |
| 18:19 | Create | Unit 2626 |
| 18:20 | Create | Unit 2626 |
| 18:20 | Create | Unit 2626 |
| 18:22 | Create | Villager (Male) |
| 18:35 | Create | Unit 2626 |
| 18:38 | Build | House |
| 18:44 | Create | Fire Galley |
| 18:47 | Build | House |
| 19:05 | Create | Unit 2626 |
| 19:07 | Create | Villager (Male) |
| 19:09 | Create | Fire Galley |
| 19:10 | Create | Fire Galley |
| 19:11 | Create | Fire Galley |
| 19:23 | Create | Unit 2626 |
| 19:36 | Create | Transport Ship |
| 19:36 | Create | Transport Ship |
| 19:38 | Create | Villager (Male) |
| 19:39 | Create | Villager (Male) |
| 19:42 | Build | House |
| 19:50 | Create | Unit 2626 |
| 20:07 | Create | Villager (Male) |
| 20:21 | Create | Villager (Male) |
| 20:44 | Create | Unit 2626 |
| 20:46 | Build | Dock |
| 20:54 | Research | Horse Collar |
| 20:54 | Research | Horse Collar |
| 21:14 | Create | Fire Galley |
| 21:14 | Create | Fire Galley |
| 21:14 | Create | Fire Galley |
Build order — FloDuFive
First 150 of 358 actions detected
| 0:00 | Create | Villager (Male) |
| 0:01 | Create | Villager (Male) |
| 0:01 | Create | Villager (Male) |
| 0:02 | Build | House |
| 0:03 | Build | House |
| 0:20 | Create | Villager (Male) |
| 1:27 | Create | Villager (Male) |
| 1:27 | Create | Villager (Male) |
| 1:45 | Create | Villager (Male) |
| 1:45 | Create | Villager (Male) |
| 1:53 | Build | Lumber Camp |
| 2:29 | Create | Villager (Male) |
| 2:29 | Create | Villager (Male) |
| 2:29 | Create | Villager (Male) |
| 3:09 | Create | Villager (Male) |
| 3:10 | Create | Villager (Male) |
| 3:47 | Create | Villager (Male) |
| 3:47 | Create | Villager (Male) |
| 3:52 | Build | Dock |
| 3:55 | Create | Villager (Male) |
| 3:55 | Create | Villager (Male) |
| 4:15 | Build | House |
| 4:30 | Create | Villager (Male) |
| 4:30 | Create | Villager (Male) |
| 4:44 | Create | Fishing Ship |
| 5:00 | Create | Villager (Male) |
| 5:00 | Create | Villager (Male) |
| 5:26 | Create | Fishing Ship |
| 5:29 | Create | Villager (Male) |
| 5:30 | Create | Villager (Male) |
| 5:34 | Create | Villager (Male) |
| 5:34 | Create | Villager (Male) |
| 5:51 | Build | House |
| 6:14 | Create | Villager (Male) |
| 6:15 | Create | Villager (Male) |
| 6:24 | Build | Mill |
| 6:27 | Create | Villager (Male) |
| 6:27 | Create | Villager (Male) |
| 6:27 | Create | Villager (Male) |
| 7:03 | Create | Fishing Ship |
| 7:03 | Create | Fishing Ship |
| 7:24 | Build | House |
| 7:30 | Create | Villager (Male) |
| 7:30 | Create | Villager (Male) |
| 8:37 | Research | Feudal Age |
| 8:37 | Research | Feudal Age |
| 8:41 | Build | Mining Camp |
| 10:51 | Create | Villager (Male) |
| 10:51 | Age | Feudal Age |
| 10:52 | Build | House |
| 11:32 | Research | Castle Age |
| 11:36 | Build | Dock |
| 11:42 | Build | Dock |
| 11:53 | Create | Fire Galley |
| 11:55 | Build | House |
| 11:56 | Build | House |
| 12:19 | Research | Double-Bit Axe |
| 12:21 | Create | Fire Galley |
| 12:27 | Create | Fire Galley |
| 13:00 | Create | Fire Galley |
| 13:14 | Create | Villager (Male) |
| 13:16 | Create | Fire Galley |
| 13:21 | Create | Fire Galley |
| 13:22 | Create | Fire Galley |
| 13:22 | Create | Fire Galley |
| 13:49 | Create | Villager (Male) |
| 14:02 | Create | Fire Galley |
| 14:02 | Create | Fire Galley |
| 14:12 | Age | Castle Age |
| 14:17 | Research | War Galley (upgrade) |
| 14:26 | Create | Villager (Male) |
| 14:38 | Create | Fire Galley |
| 14:39 | Create | Fire Galley |
| 14:52 | Create | Fire Galley |
| 15:08 | Create | Villager (Male) |
| 15:09 | Create | Villager (Male) |
| 15:09 | Create | Villager (Male) |
| 15:09 | Create | Villager (Male) |
| 15:29 | Create | Villager (Male) |
| 15:31 | Create | Fire Galley ×2 |
| 15:31 | Create | Fire Galley ×2 |
| 15:51 | Create | Fire Galley |
| 15:51 | Create | Fire Galley |
| 15:51 | Create | Fire Galley |
| 16:00 | Create | Villager (Male) |
| 16:13 | Create | Villager (Male) |
| 16:18 | Create | Transport Ship |
| 16:21 | Build | House |
| 16:28 | Create | Villager (Male) |
| 16:52 | Create | Villager (Male) |
| 17:03 | Create | Fire Galley ×3 |
| 17:03 | Create | Fire Galley ×3 |
| 17:13 | Create | Villager (Male) |
| 17:14 | Create | Villager (Male) |
| 17:19 | Create | Villager (Male) |
| 17:36 | Create | Villager (Male) |
| 17:53 | Create | Villager (Male) |
| 18:03 | Create | Fire Galley ×4 |
| 18:19 | Build | House |
| 18:42 | Create | Villager (Male) |
| 18:58 | Build | Town Center |
| 19:00 | Create | Villager (Male) |
| 19:09 | Create | Fire Galley ×5 |
| 19:13 | Create | Villager (Male) |
| 19:13 | Create | Villager (Male) |
| 19:14 | Build | Farm |
| 19:14 | Build | Farm |
| 19:14 | Build | Farm |
| 19:22 | Build | Farm |
| 20:07 | Create | Villager (Male) |
| 20:10 | Build | Farm |
| 20:37 | Build | Town Center |
| 20:45 | Build | Farm |
| 20:48 | Build | Farm |
| 20:51 | Build | House |
| 21:03 | Create | Villager (Male) |
| 21:04 | Create | Villager (Male) |
| 21:06 | Build | Farm |
| 21:14 | Build | House |
| 21:15 | Build | House |
| 21:29 | Build | Lumber Camp |
| 21:37 | Create | Villager (Male) |
| 21:37 | Create | Villager (Male) |
| 21:39 | Build | Farm |
| 22:01 | Create | Villager (Male) |
| 22:13 | Build | Farm |
| 22:14 | Build | Farm |
| 22:16 | Create | Villager (Male) |
| 22:17 | Create | Villager (Male) |
| 22:27 | Research | Horse Collar |
| 22:27 | Research | Horse Collar |
| 22:30 | Build | Farm |
| 22:40 | Create | Villager (Male) |
| 22:40 | Create | Villager (Male) |
| 22:53 | Build | Farm |
| 22:57 | Build | Farm |
| 22:59 | Build | Farm |
| 23:06 | Research | Loom |
| 23:11 | Create | Villager (Male) |
| 23:14 | Build | Mill |
| 23:15 | Create | Villager (Male) |
| 23:15 | Create | Villager (Male) |
| 23:23 | Build | Farm |
| 23:26 | Build | Farm |
| 23:28 | Create | Villager (Male) |
| 23:28 | Create | Villager (Male) |
| 23:30 | Create | Villager (Male) |
| 23:30 | Create | Villager (Male) |
| 23:42 | Build | Farm |
| 23:43 | Create | Villager (Male) |
Match timeline
| 3:21 | . · first_building Dock |
| 3:21 | White Knight · first_building Dock |
| 3:48 | VIPN@U · first_building Dock |
| 3:51 | _LY_lyx · first_building Dock |
| 3:52 | FloDuFive · first_building Dock |
| 3:57 | RAY · first_building Dock |
| 4:05 | Elite Diddy · first_building Dock |
| 4:27 | 胖丁 · first_building Dock |
| 9:35 | _LY_lyx · age_up feudal |
| 9:46 | Elite Diddy · age_up feudal |
| 9:52 | RAY · age_up feudal |
| 10:51 | VIPN@U · age_up feudal |
| 10:51 | FloDuFive · age_up feudal |
| 11:13 | 胖丁 · age_up feudal |
| 11:52 | White Knight · age_up feudal |
| 12:01 | . · age_up feudal |
| 14:12 | FloDuFive · age_up castle |
| 14:15 | White Knight · first_market_buy 100 stone |
| 14:23 | . · first_market_sell 100 food |
| 15:19 | White Knight · age_up castle |
| 15:24 | White Knight · first_building Castle |
| 16:15 | . · age_up castle |
| 17:10 | . · first_market_buy 100 wood |
| 17:11 | White Knight · first_market_sell 100 wood |
| 17:41 | 胖丁 · age_up castle |
| 17:50 | 胖丁 · first_building Monastery |
| 18:13 | RAY · first_market_buy 100 food |
| 18:18 | VIPN@U · age_up castle |
| 18:38 | _LY_lyx · first_market_sell 100 wood |
| 18:38 | _LY_lyx · first_market_buy 100 food |
| 18:41 | 胖丁 · first_market_sell 100 wood |
| 19:30 | RAY · first_market_sell 100 wood |
| 20:28 | Elite Diddy · first_market_buy 100 food |
| 20:31 | Elite Diddy · first_market_sell 100 wood |
| 20:36 | 胖丁 · first_market_buy 100 wood |
| 21:26 | VIPN@U · first_market_buy 100 food |
| 21:41 | _LY_lyx · age_up castle |
| 22:11 | 胖丁 · age_up imperial |
| 22:30 | RAY · age_up castle |
| 23:37 | _LY_lyx · first_building Monastery |
| 23:41 | Elite Diddy · age_up castle |
| 26:40 | White Knight · age_up imperial |
| 26:45 | _LY_lyx · first_building Krepost |
| 28:02 | FloDuFive · first_building Stable |
| 28:45 | . · first_building Monastery |
| 29:09 | FloDuFive · first_building Castle |
| 29:42 | . · first_building Barracks |
| 30:23 | . · first_building Castle |
| 30:28 | . · first_building Stable |
| 30:31 | VIPN@U · first_building Siege Workshop |
| 31:11 | FloDuFive · age_up imperial |
| 31:14 | 胖丁 · wall_segment Palisade Wall x1 |
| 31:19 | 胖丁 · first_building Barracks |
| 31:35 | _LY_lyx · first_building Barracks |
| 31:56 | FloDuFive · wall_segment Palisade Wall x1 |
| 32:07 | _LY_lyx · first_building Castle |
| 32:24 | 胖丁 · wall_segment Stone Wall x1 |
| 32:26 | 胖丁 · wall_segment Stone Wall x1 |
| 32:29 | 胖丁 · wall_segment Stone Wall x1 |
| 32:40 | _LY_lyx · first_building Stable |
| 32:53 | 胖丁 · wall_segment Stone Wall x8 |
| 33:20 | _LY_lyx · age_up imperial |
| 33:30 | . · age_up imperial |
| 33:37 | RAY · wall_segment Palisade Wall x1 |
| 34:09 | VIPN@U · age_up imperial |
| 34:20 | RAY · first_building Barracks |
| 34:25 | 胖丁 · first_building Castle |
| 34:42 | RAY · wall_segment Stone Wall x4 |
| 34:45 | RAY · wall_segment Stone Wall x3 |
| 34:46 | RAY · wall_segment Stone Wall x1 |
| 34:49 | RAY · wall_segment Stone Wall x3 |
| 34:54 | RAY · wall_segment Stone Wall x2 |
| 35:17 | FloDuFive · wall_segment Palisade Wall x1 |
| 35:23 | FloDuFive · wall_segment Palisade Wall x1 |
| 35:56 | RAY · first_building Stable |
| 36:51 | VIPN@U · first_building Castle |
| 37:15 | VIPN@U · first_market_sell 100 wood |
| 37:21 | FloDuFive · wall_segment Palisade Wall x1 |
| 37:38 | FloDuFive · wall_segment Palisade Wall x1 |
| 38:19 | Elite Diddy · first_building Monastery |
| 38:52 | . · first_building Archery Range |
| 39:00 | Elite Diddy · first_building Barracks |
| 39:11 | RAY · first_building Monastery |
| 39:33 | White Knight · resign |
[ AI ANALYSIS · 1 CREDIT ]
What really happened in this match?
Wolo.gg analyzes every decision: build order, eco, micro, common mistakes by bracket. Personalized analysis on WhatsApp or Discord in 30 seconds.
Civ guide
Byzantines
Perfil
Jugador #217855